 Dungeon Crawl Stone Soup version 0.31.0-32-g396128a36d (webtiles) character file.

Game seed: 4398552228385098898

91 safid the Changeling (level 4, -1/35 HPs)
             Began as a Draconian Shapeshifter on Mar 14, 2024.
             Slain by Sigmund
             ... wielding a +1 scythe of holy wrath
              (12 damage)
             ... on level 3 of the Dungeon.
             The game lasted 00:02:15 (2026 turns).

safid the Changeling (Draconian Shapeshifter)       Turns: 2026, Time: 00:02:16

Health: -1/35      AC:  5    Str: 18    XL:     4   Next: 33%
Magic:  4/4        EV: 12    Int: 11    God:
Gold:   100        SH:  0    Dex: 10    Spells: 3/3 levels left

rFire   . .          .
                       - Unarmed
rCold   . . .        (no shield)
rNeg    . . .        (body armour unavailable)
rPois   .            (helmet currently unavailable)
rElec   .            (cloak currently unavailable)
rCorr   .            (gloves currently unavailable)
SInv    .            (boots currently unavailable)
Will    .....        (no amulet)
Stlth   +            (no ring)
HPRegen 0.25/turn    (no ring)
MPRegen 0.09/turn

%: no passive effects
@: confused, beast-form
A: beast (slay +2), AC +5, unfitting armour, cold-blooded
a: Begin Untransformation


You were on level 3 of the Dungeon.
You were a hulking beast.
You visited 1 branch of the dungeon, and saw 3 of its levels.

You collected 100 gold pieces.

Inventory:

Missiles
 d - 10 poisoned darts (quivered)
Talismans
 b - a beast talisman
 c - a flux talisman
Scrolls
 e - 5 scrolls of identify {unknown}
 f - a scroll of poison {unknown}
 i - 3 scrolls of amnesia {unknown}
 j - a scroll of enchant weapon {unknown}
Potions
 a - a potion of lignification
 g - a potion of invisibility {unknown}
 h - a potion of enlightenment {unknown}


   Skills:
 + Level 1.3 Fighting
 - Level 2.0 Dodging
 + Level 4.0 Unarmed Combat
 * Level 4.1 Shapeshifting


You had 3 spell levels left.
You didn't know any spells.
Your spell library contained the following spells:

 Spells                   Type           Power      Damage    Failure   Level
 Sublimation of Blood     Necr           0%         N/A       47%         2
 Call Canine Familiar     Summ           0%         N/A       71%         3
 Sigil of Binding         Hex            0%         N/A       71%         3
 Tukima's Dance           Hex            0%         N/A       71%         3
 Dimensional Bullseye     Hex/Tloc       0%         N/A       98%         4
 Iskenderun's Mystic Bla  Conj/Tloc      0%         2d3       98%         4
 Petrify                  Alch/Erth      0%         N/A       98%         4
 Irradiate                Conj/Alch      0%         3d11      100%        5


Dungeon Overview and Level Annotations

Branches:
Dungeon (3/15)

Altars:
Nemelex Xobeh

Annotations:
D:3 Sigmund


Innate Abilities, Weirdness & Mutations

You are a hulking beast.
Your limbs bulge with bestial killing power. (Slay +2)
Your plain brown scales are hard. (AC +5)
You cannot fit into any form of body armour.
You are cold-blooded and may be slowed by cold attacks.


Message History

Sigmund screams, "I am the angel of ZOT!!!"
Sigmund attacks as he pursues you! Sigmund misses you.
The ball python attacks as it pursues you!
The ball python barely misses you. x2; The ball python closely misses you.
The ball python grabs you. The ball python constricts you.
You escape the ball python's grasp.
The ball python bites you. The ball python completely misses you.
You punch the ball python!
You kill the ball python!
The orc throws a poisoned dart.
The poisoned dart closely misses you. Sigmund closely misses you.
The orc hits you with a +0 falchion.
You see here a ball python corpse.
You punch the orc!
You kill the orc!
Sigmund mumbles some strange words.
Sigmund flickers and vanishes!
Deactivating autopickup; reactivate with Ctrl-A.
Your Unarmed Combat skill increases to level 4!
You closely miss the rat. The rat barely misses you. Something hits you!
Unknown command.
The rat attacks as it pursues you! The rat bites you.
The rat attacks as it pursues you! The rat closely misses you.
The rat attacks as it pursues you! The rat barely misses you.
The rat attacks as it pursues you! The rat bites you but does no damage.
There is a shaft here.
The rat falls through a shaft!
The shaft crumbles and collapses.
You are confused.
You bump into the rock wall.
You're too confused to move!
You bump into the rock wall.
Something hits you!
You feel less confused.
You hear some strange, mumbled words.
Something tries to affect you, but you resist.
You hear some strange, mumbled words.
You are confused.
You bump into the rock wall.
Something hits you but does no damage.
A magic dart appears from out of thin air!
The magic dart hits you! Something hits you!
You die...

#.# #......##
#.# ##...####
#.# #...## #.#
##...# #.#
####...##
#.#####......#
#{##.†......##
#.........###
###h..#####
#####


There were no monsters in sight!

Vanquished Creatures
  Terence (D:3)
  2 adders
  A ribbon worm (D:2)
  2 dart slugs (D:2)
  2 orcs
  4 ball pythons
  2 bats (D:2)
  An endoplasm (D:1)
  A giant cockroach (D:2)
  3 goblins
  3 hobgoblins
  3 quokkas
  6 frilled lizards
  5 kobolds
  4 rats (D:2)
40 creatures vanquished.

Notes
Turn   | Place    | Note
-------+----------+-------------------------------------------
     0 | D:1      | safid the Draconian Shapeshifter began the quest for the
                  | Orb.
     0 | D:1      | Reached XP level 1. HP: 16/16 MP: 1/1
   369 | D:1      | Reached XP level 2. HP: 23/23 MP: 2/2
  1153 | D:2      | Found a sparkling altar of Nemelex Xobeh.
  1177 | D:2      | Reached XP level 3. HP: 20/28 MP: 3/3
  1824 | D:3      | Noticed Terence
  1838 | D:3      | Killed Terence
  1839 | D:3      | Reached XP level 4. HP: 13/35 MP: 4/4
  1994 | D:3      | Noticed Sigmund
  2026 | D:3      | Slain by Sigmund

Illustrated notes

Levels and vault maps discovered:
D:1:      elethiomel_arrival_maze, layout_basic
D:2:      layout_loops_ring, basic_altar
D:3:      layout_basic, ebering_ecumenical_altar_hall, serial_curves,
          eino_curves_04, eino_curves_03, uniq_robin, uniq_sigmund, uniq_terence

Skill      XL: |  1  2  3  4 |
---------------+-------------+-----
Dodging        | 2 |  2.0
Shapeshifting  | 4 |  4.1
Unarmed Combat | 4 |  4.0
Fighting       | |  1.3

Action                     |  1- 3 |  4- 6 || total
---------------------------+-------+-------++-------
  Melee: Unarmed           |   102 |    11 ||   113
         Tailslap          |    10 |       ||    10
         Punch             |     1 |     1 ||     2
   Stab: Sleeping          |     2 |       ||     2
 Armour: Skin              |    57 |    12 ||    69
  Dodge: Dodged            |    59 |    17 ||    76
